 Dungeon Crawl Stone Soup version 0.26.1-11-gd32895ea62 (webtiles) character file.

Game seed: 14642832525224202833

338 Descartes the Magician (level 6, -3/32 HPs)
             Began as a Deep Elf Hedge Wizard on June 15, 2021.
             Slain by a worm (10 damage)
             ... on level 5 of the Dungeon.
             The game lasted 00:07:39 (3493 turns).

Descartes the Magician (Deep Elf Hedge Wizard)      Turns: 3493, Time: 00:07:39

Health: -3/32      AC:  2    Str:  7    XL:     6   Next: 29%
Magic:  12/15      EV: 15    Int: 21    God:
Gold:   129        SH:  0    Dex: 14    Spells: 14/15 levels left

rFire    . . .     SeeInvis .   x - +1 hand axe (elec)
rCold    . . .     Faith    .   (no shield)
rNeg     . . .     Spirit   .   b - +0 robe
rPois    .         Reflect  .   c - +0 hat
rElec    .         Harm     .   (no cloak)
rCorr    .         Rampage  .   (no gloves)
Will     +....                  (no boots)
Stlth    +.........             (no amulet)
HPRegen  0.10/turn              t - ring of willpower
MPRegen  0.14/turn              (no ring)

@: very slow
A: no striking features
a: no special abilities


You were on level 5 of the Dungeon.
You visited 1 branch of the dungeon, and saw 5 of its levels.

You collected 129 gold pieces.

Inventory:

Hand Weapons
 a - a +0 dagger
 x - a +1 hand axe of electrocution (weapon)
Missiles
 f - 93 stones
 k - 13 poisoned darts
 l - 4 boomerangs
 m - 35 bolts
 p - 3 silver boomerangs
 q - 37 arrows
Armour
 b - a +0 robe (worn)
 c - a +0 hat (worn)
Jewellery
 t - a ring of willpower (left hand)
Scrolls
 d - 3 scrolls of teleportation {unknown}
 e - 5 scrolls of identify {unknown}
 g - 5 scrolls of remove curse {unknown}
 h - 3 scrolls of fear {unknown}
 j - 2 scrolls of enchant weapon {unknown}
 n - 4 scrolls of enchant armour {unknown}
 r - a scroll of fog {unknown}
 s - 3 scrolls of immolation {unknown}
 u - a scroll of magic mapping {unknown}
 w - a scroll of noise {unknown}
Potions
 i - 4 potions of attraction {unknown}
 o - 2 potions of brilliance {unknown}
 v - a potion of berserk rage {unknown}


   Skills:
 - Level 5.0 Dodging
 - Level 2.9 Stealth
 + Level 5.2 Spellcasting
 - Level 5.0 Conjurations
 - Level 1.1 Summonings
 + Level 1.5 Translocations


You had 14 spell levels left.
You knew the following spells:

 Your Spells              Type           Power        Failure   Level
a - Magic Dart            Conj           100%         1%          1

Your spell library contained the following spells:

 Spells                   Type           Power        Failure   Level
 Blink                    Tloc           N/A          9%          2
 Call Imp                 Summ           10%          11%         2
 Conjure Flame            Conj/Fire      15%          12%         3
 Slow                     Hex            5%           16%         2
 Mephitic Cloud           Conj/Pois/Air  12%          16%         3


Dungeon Overview and Level Annotations

Branches:
Dungeon (6/15)
 Temple: D:4-7

Altars:


Message History

The adder misses you.
You hit the adder.
The adder is heavily wounded.
The adder closely misses you. The adder bites you but does no damage.
You hit the adder.
The adder is severely wounded.
The adder barely misses you.
Your unstable footing causes you to fumble your attack.
The adder barely misses you. The adder misses you.
You barely miss the adder.
The adder is severely wounded.
You hear the rusting of a drain nearby.
The adder bites you but does no damage. The adder misses you.
You hit the adder. Lightning courses through the adder!
You kill the adder!
You see here an adder corpse.
Your unstable footing causes you to fumble your attack.
Your unstable footing causes you to fumble your attack.
The worm bites you!
You die...

###### #≈#≈≈# ≈≈##≈#
#≈##≈# #≈#≈≈# # #####
#≈#≈##≈# #....
#w#≈≈≈≈##### #.##.
#@#≈####...# #.##.
#≈≈≈≈≈≈###.###.##.
#.########≈# #.#......
..≈≈≈≈≈≈≈≈≈###†#......
#.≈≈#≈#≈####).........
#.≈.≈≈≈†≈..)###......
#.....≈..............
#..........).##...##.
#.....###..#.##..## .


You could see a worm.

Vanquished Creatures
  A hound (D:5)
  An orc priest (D:6)
  A worker ant (D:6)
  7 gnolls
  8 adders
  3 river rats (D:5)
  3 worms
  2 leopard geckos
  4 orcs
  5 giant cockroaches
  9 goblins
  9 hobgoblins
  3 jackals (D:1)
  A quokka (D:2)
  A ball python (D:1)
  8 bats
  A frilled lizard (D:2)
  7 kobolds
  8 rats
82 creatures vanquished.

Notes
Turn   | Place    | Note
-------+----------+-------------------------------------------
     0 | D:1      | Descartes the Deep Elf Hedge Wizard began the quest for the
                  | Orb.
     0 | D:1      | Reached XP level 1. HP: 10/10 MP: 7/7
   278 | D:1      | Reached XP level 2. HP: 12/15 MP: 9/9
   901 | D:1      | Reached XP level 3. HP: 19/19 MP: 6/11
  1728 | D:2      | Reached XP level 4. HP: 24/24 MP: 10/12
  2666 | D:3      | Reached skill level 5 in Conjurations
  2666 | D:3      | Reached XP level 5. HP: 28/28 MP: 5/14
  2795 | D:3      | Reached skill level 5 in Spellcasting
  3048 | D:3      | You fall into a shaft and drop 3 floors!
  3306 | D:5      | Entered Level 5 of the Dungeon
  3389 | D:5      | Reached XP level 6. HP: 32/32 MP: 8/15
  3406 | D:5      | Reached skill level 5 in Dodging
  3493 | D:5      | Slain by a worm

Illustrated notes

Levels and vault maps discovered:
D:1:      dpeg_arrival_triangle_fractal, layout_basic
D:2:      wander_river, layout_loops_cross, chequers_mini_garden
D:3:      layout_rooms, general_overflow_altar, chequers_serial_rivers_large_a,
          minmay_misc_feat_plants
D:5:      layout_loops_ring, lightli_sewer_entry_pipes, serial_shops,
          nicolae_shop_crystal, trog_hazing_becter, uniq_blork_the_orc
D:6:      layout_loops_ring, uniq_edmund, uniq_crazy_yiuf_cottage, uniq_grinder,
          uniq_maggie

Skill      XL: |  1  2  3  4  5  6 |
---------------+-------------------+-----
Conjurations   | 2 3 5 |  5.0
Spellcasting   | 5 |  5.2
Dodging        | 4 5 |  5.0
Stealth        | |  2.9
Summonings     | |  1.1
Translocations | |  1.5

Action                   |  1- 3 |  4- 6 || total
-------------------------+-------+-------++-------
Melee: Dagger            |    61 |     5 ||    66
       Hand axe          |       |    24 ||    24
 Cast: Magic Dart        |    56 |   119 ||   175
 Stab: Sleeping          |     6 |     1 ||     7
Armor: Robe              |    10 |     5 ||    15
Dodge: Dodged            |    55 |    28 ||    83
